 Dungeon Crawl Stone Soup version 0.25-a0-940-gc6eaff51cc (webtiles) character file.

Game seed: 9640059717589386132, levelgen mode: deterministic

474 kae the Chiller (level 7, -4/46 HPs)
             Began as a Merfolk Ice Elementalist on May 5, 2020.
             Slain by Menkaure (23 damage)
             ... on level 4 of the Dungeon.
             The game lasted 00:05:27 (3979 turns).

kae the Chiller (Merfolk Ice Elementalist)          Turns: 3979, Time: 00:05:27

Health: -4/46      AC:  7    Str:  8    XL:     7   Next: 10%
Magic:  13/13      EV: 16    Int: 16    God:
Gold:   233        SH:  3    Dex: 15    Spells: 10/14 levels left

rFire    . . .     SeeInvis .   t - +1 war axe (vorpal)
rCold    . . .     Gourm    .   n - +0 buckler
rNeg     . . .     Faith    .   a - +0 robe
rPois    .         Spirit   .   (no helmet)
rElec    .         Reflect  .   l - +0 cloak
rCorr    .         Harm     .   (no gloves)
MR       .....                  (no boots)
Stlth    ++........             (no amulet)
HPRegen  0.15/turn              b - +4 ring of protection
MPRegen  0.13/turn              p - +4 ring of evasion (curse)

@: mighty
A: change form in water, swift swim, stealthy swim
a: no special abilities


You were on level 4 of the Dungeon.
You were hungry.

You visited 1 branch of the dungeon, and saw 4 of its levels.

You collected 233 gold pieces.

Inventory:

Hand Weapons
 o - a +0 hand axe
 t - a +1 vorpal war axe (weapon)
Armour
 a - a +0 robe (worn)
 l - a +0 cloak (worn)
 n - a +0 buckler (worn)
Jewellery
 b - a +4 ring of protection (left hand)
 p - a cursed +4 ring of evasion (right hand)
 q - a +2 ring of slaying
Wands
 s - a wand of digging (4)
Scrolls
 e - 9 scrolls of remove curse {unknown}
 g - a scroll of teleportation {unknown}
 h - a scroll of blinking {unknown}
 i - a scroll of amnesia {unknown}
 j - a scroll of immolation {unknown}
 k - a scroll of fog {unknown}
 m - 4 scrolls of identify
 u - a scroll of random uselessness {unknown}
Potions
 d - a potion of haste {unknown}
 r - 3 potions of curing
Comestibles
 c - 7 rations


   Skills:
 - Level 2.6 Dodging
 - Level 2.1 Stealth
 + Level 4.2 Spellcasting
 * Level 7.8 Ice Magic


You had 10 spell levels left.
You knew the following spells:

 Your Spells              Type           Power        Failure   Level  Hunger
a - Freeze                Ice            ####         1%          1    None
b - Frozen Ramparts       Ice            ####..       3%          3    ###....

Your spell library contained the following spells:

 Spells                   Type           Power        Failure   Level  Hunger
 Ozocubu's Armour         Chrm/Ice       ###.....     17%         3    ###....
 Hailstorm                Conj/Ice       ###.....     50%         4    ####...
 Summon Ice Beast         Ice/Summ       ###.....     50%         4    ####...


Dungeon Overview and Level Annotations

Branches:
Dungeon (4/15)
 Temple: D:4-7

Altars:
Uskayaw

Shops:
D:4 (

Annotations:
D:4 exclusion: ogre, Menkaure


Message History

The jackal misses you. The jackal completely misses you.
You closely miss the jackal.
The jackal is almost dead.
The jackal barely misses you.
The jackal bites you but does no damage.
You closely miss the jackal.
The jackal is almost dead.
The jackal misses you.
Menkaure draws the symbol "Udjat" in the dust.
The jackal barely misses you.
You slash the jackal!
You kill the jackal!
Menkaure points at you and mumbles some strange words.
You struggle to resist.
You barely miss Menkaure. Menkaure hits you! x2
You slash Menkaure!
Menkaure is heavily damaged.
Menkaure hits you!!
Ouch! That really hurt!
You die...

########## #.........
#.#######. #.# #. #.# #.
#.# #. ###########.####
#. ## #.M@......)....# #.
.. #.#########.##.# #. #.
#.# #.##.# #. ######. #h#
####.##.####. ....... #.#
#............
#...##.######.##.........
#............#####.####.
#..#...............# #.
#...#..############## #.


You could see Menkaure.

Vanquished Creatures
  A black bear (D:3)
  A scorpion (D:4)
  Crazy Yiuf (D:3)
  A hound (D:2)
  Jessica (D:3)
  Natasha (thrice) (D:3)
  A worker ant (D:4)
  6 adders
  An ooze (D:3)
  An adder skeleton (D:3)
  A worm (D:2)
  4 dart slugs
  7 orcs
  2 ball pythons
  11 bats
  2 giant cockroaches
  8 goblins
  6 hobgoblins
  6 jackals
  4 frilled lizards
  A giant cockroach zombie (D:3)
  7 kobolds
  6 rats
82 creatures vanquished.

Notes
Turn   | Place    | Note
-------+----------+-------------------------------------------
     0 | D:1      | kae the Merfolk Ice Elementalist began the quest for the
                  | Orb.
     0 | D:1      | Reached XP level 1. HP: 13/13 MP: 3/3
   315 | D:1      | Reached XP level 2. HP: 19/19 MP: 1/5
   690 | D:1      | Reached skill level 5 in Ice Magic
  1010 | D:1      | Reached XP level 3. HP: 23/24 MP: 4/6
  1816 | D:2      | Reached XP level 4. HP: 25/30 MP: 3/8
  1888 | D:2      | Learned a level 3 spell: Frozen Ramparts
  2284 | D:3      | Reached skill level 6 in Ice Magic
  2439 | D:3      | Reached XP level 5. HP: 33/35 MP: 6/9
  2736 | D:3      | Found a hide-covered altar of Uskayaw.
  2776 | D:3      | Noticed Jessica
  2784 | D:3      | Killed Jessica
  2845 | D:3      | Noticed Natasha
  2853 | D:3      | Killed Natasha
  2910 | D:3      | Noticed Natasha
  2916 | D:3      | Killed Natasha
  3037 | D:3      | Reached XP level 6. HP: 41/41 MP: 8/11
  3087 | D:3      | Noticed a black bear
  3098 | D:3      | Killed a black bear
  3098 | D:3      | Reached skill level 7 in Ice Magic
  3155 | D:3      | Noticed Natasha
  3161 | D:3      | Killed Natasha
  3504 | D:3      | Found a runed translucent door.
  3505 | D:3      | Noticed Crazy Yiuf
  3512 | D:3      | Killed Crazy Yiuf
  3721 | D:4      | Noticed Menkaure
  3791 | D:4      | Reached XP level 7. HP: 45/46 MP: 6/13
  3856 | D:4      | Found Hieseh's Weapon Shop.
  3979 | D:4      | Slain by Menkaure

Levels and vault maps discovered:
D:1:      dpeg_arrival_leaves_temple_mockup, layout_basic, minmay_unequal
D:2:      layout_loops_ring, minmay_fractal_squares_gapless_5
D:3:      layout_loops_ring, overflow_temple_1_default, minmay_divided_ellipse,
          uniq_natasha, uniq_crazy_yiuf_cottage, uniq_jessica
D:4:      layout_loops_ring, yredelemnul_altar_generic,
          minmay_temple_entry_mini_moons, serial_shops, shop, first_ration,
          uniq_edmund, uniq_menkaure

Skill      XL: |  1  2  3  4  5  6 |
---------------+-------------------+-----
Ice Magic      | 5 6 7 |  7.8
Spellcasting   | 3 4 |  4.2
Dodging        | |  2.6
Stealth        | |  2.1

Action                   |  1- 3 |  4- 6 |  7- 9 || total
-------------------------+-------+-------+-------++-------
Melee: Unarmed           |     5 |       |       ||     5
       Club              |     8 |     1 |       ||     9
       Hand axe          |       |    36 |       ||    36
       War axe           |       |       |    11 ||    11
 Cast: Freeze            |    47 |    83 |     3 ||   133
       Frozen Ramparts   |       |     3 |       ||     3
  Use: Scroll            |     1 |       |       ||     1
       Potion            |       |       |     1 ||     1
 Stab: Sleeping          |     1 |     1 |       ||     2
  Eat: Chunk             |     3 |     7 |       ||    10
Armor: Robe              |     6 |    48 |     3 ||    57
Dodge: Dodged            |    22 |    92 |    11 ||   125
Block: Buckler           |       |    13 |     3 ||    16

Table legend:
 A = Non-vault XP
 B = Vault XP
 C = Vault XP percentage of total XP
 D = Non-vault monster count
 E = Vault monster count
 F = Vault count percentage of total count
                 A         B        C        D         E       F
            +---------+---------+-------+---------+---------+-------
      Total |     398 |     280 |  41.3 |      61 |      21 |  25.6
            +---------+---------+-------+---------+---------+-------
        D:1 |      28 |       6 |  17.6 |      16 |       3 |  15.8
        D:2 |      64 |       4 |   5.9 |      11 |       2 |  15.4
        D:3 |     187 |     270 |  59.1 |      28 |      16 |  36.4
        D:4 |     119 |       0 |   0.0 |       6 |       0 |   0.0
            +---------+---------+-------+---------+---------+-------
